 Dungeon Crawl Stone Soup version 0.24.0-123-gd5b16e6ec5 (webtiles) character file.

Game seed: 10709779176409777909, levelgen mode: deterministic

9204 lepoulpe303 the Covert (level 11, -13/53 HPs)
             Began as a Spriggan Enchanter on Dec 17, 2019.
             Was an Initiate of Gozag.
             Mangled by a spiny frog (14 damage)
             ... on level 2 of the Lair of Beasts on Dec 18, 2019.
             The game lasted 01:33:31 (18367 turns).

lepoulpe303 the Covert (Spriggan Enchanter)        Turns: 18367, Time: 01:33:32

Health: -13/53     AC:  4    Str:  4    XL:     11   Next: 20%
Magic:  13/20      EV: 28    Int: 19    God:    Gozag
Gold:   1912       SH:  4    Dex: 18    Spells: 5/20 levels left

rFire    . . .     SeeInvis +   c - +2 short sword "Lipopen" {vamp, SInv}
rCold    . . .     Gourm    .   (shield restricted)
rNeg     . . .     Faith    .   B - +2 robe {MR+} {MR+}
rPois    .         Spirit   .   (helmet restricted)
rElec    .         Reflect  +   (no cloak)
rCorr    .         Harm     .   (gloves unavailable)
MR       ++...                  (boots unavailable)
Stlth    +++++.....             r - +4 amulet of reflection
HPRegen  0.17/turn              (no ring)
MPRegen  0.17/turn              H - +3 ring of evasion

@: gold aura, very quick
A: very small, unfitting armour, see invisible, herbivore, speed 3, slow
metabolism 2
a: Potion Petition, Call Merchant, Bribe Branch, Renounce Religion


You were on level 2 of the Lair of Beasts.
You worshipped Gozag.
Gozag was most pleased with you.
You were not hungry.

You visited 3 branches of the dungeon, and saw 12 of its levels.
You also visited: Sewer.

You collected 2012 gold pieces.
You paid 100 gold pieces to Gozag.

Inventory:

Hand Weapons
 a - a +3 dagger of venom
 b - the +0 short sword of Warphoer {pierce, +Rage Str+9 Int-5}
   (You found it on level 4 of the Dungeon)

   It inflicts extra damage upon your enemies.
   It affects your strength (+9).
   It affects your intelligence (-5).
   It lets you go berserk.
 c - the +2 short sword "Lipopen" (weapon) {vamp, SInv}
   (You found it on level 1 of the Lair of Beasts)

   It inflicts no extra harm, but heals its wielder when it wounds a living foe.
   It lets you see invisible.
 d - the +8 rapier "Uheza" {freeze, Int+3}
   (You found it on level 1 of the Lair of Beasts)

   It has been specially enchanted to freeze those struck by it, causing extra
   injury to most foes and up to half again as much damage against particularly
   susceptible opponents.
   It can also slow down cold-blooded creatures.
   It affects your intelligence (+3).
Missiles
 f - 65 poisoned darts (quivered)
Armour
 B - a +2 robe of magic resistance (worn) {MR+}
Magical Staves
 o - an uncursed staff of fire {rF+}
 N - an uncursed staff of death {rN+}
 P - an uncursed staff of summoning {unknown}
Jewellery
 k - an uncursed ring of flight
 r - a +4 amulet of reflection (around neck)
 v - an uncursed ring of fire {rF+, rC-}
 H - a +3 ring of evasion (right hand)
 O - an uncursed ring of ice {rC+, rF-}
Wands
 j - a wand of acid (12)
 m - a wand of clouds (1)
 D - a wand of digging (7)
 F - a wand of polymorph (3)
 G - a wand of paralysis (20)
Scrolls
 i - 5 scrolls of identify
 p - 4 scrolls of fear {unknown}
 t - 9 scrolls of teleportation
 w - 3 scrolls of remove curse
 y - a scroll of random uselessness {unknown}
 A - a scroll of noise {unknown}
 E - a scroll of magic mapping {unknown}
 I - a scroll of amnesia {unknown}
 K - a scroll of fog {unknown}
Potions
 g - 2 potions of invisibility
 h - a potion of haste
 l - 4 potions of mutation {unknown}
 n - 2 potions of flight
 q - 6 potions of curing
 s - a potion of heal wounds
 u - 2 potions of agility {unknown}
 x - a potion of magic
 z - a potion of berserk rage {!q}
 C - 3 potions of brilliance
 J - 2 potions of ambrosia
 L - a potion of lignification {unknown}
 M - 3 potions of might
Comestibles
 e - 10 rations


   Skills:
 + Level 3.8 Fighting
 + Level 8.7 Short Blades
 + Level 9.2 Dodging
 + Level 12.8 Stealth
 + Level 5.4 Spellcasting
 + Level 9.1 Hexes
 + Level 4.8 Air Magic
 - Level 5.0 Poison Magic


You had 5 spell levels left.
You knew the following spells:

 Your Spells              Type           Power        Failure   Level  Hunger
a - Ensorcelled Hibernat  Hex/Ice        ###...       2%          2    None
b - Tukima's Dance        Hex            #####...     1%          3    ##.....
c - Confuse               Hex            #####...     1%          3    ##.....
d - Dazzling Spray        Conj/Hex       ###...       5%          3    ##.....
v - Corona                Hex            #####..      1%          1    None
x - Mephitic Cloud        Conj/Pois/Air  ###.....     10%         3    ##.....

Your spell library contained the following spells:

 Spells                   Type           Power        Failure   Level  Hunger
 Slow                     Hex            #####...     1%          2    None
 Animate Skeleton         Necr           N/A          12%         1    None
 Magic Dart               Conj           #...         12%         1    None
 Pain                     Necr           #...         12%         1    None
 Blink                    Tloc           N/A          19%         2    None
 Call Imp                 Summ           #.......     19%         2    None
 Conjure Flame            Conj/Fire      #.......     34%         3    ##.....
 Regeneration             Chrm/Necr      #.........   34%         3    ##.....
 Vampiric Draining        Necr           #.........   34%         3    ##.....
 Animate Dead             Necr           N/A          75%         4    ####...


Dungeon Overview and Level Annotations

Branches:
Dungeon (9/15)             Temple (1/1) D:5            Lair (2/6) D:9
  Sewer (visited)
  Swamp: Lair:2-4    Shoals: Lair:2-4     Snake: Lair:2-4    Spider: Lair:2-4
    Orc: D:9-12

Altars:
Ashenzari
Cheibriados
Dithmenos
Fedhas
Gozag
Makhleb
Okawaru
Trog
Uskayaw
Yredelemnul
Zin
The Shining One

Shops:
D:7 (

Annotations:
D:2 dig


Innate Abilities, Weirdness & Mutations

You are very small and have problems with some larger weapons.
You are too small for most types of armour.
You have supernaturally acute eyesight. (SInv)
You are a herbivore.
You cover ground extremely quickly.
You need to consume almost no food.


Message History

You hold your ground!
The elephant trunk-slaps you.
* * * LOW HITPOINT WARNING * * *
The elephant completely misses you. x2; The elephant tramples you.
* * * LOW HITPOINT WARNING * * *
You hold your ground!
The elephant misses you. The porcupine completely misses you.
You take 12 damage, and have 1/53 hp.
MASSIVE DAMAGE!!
You now have 13/20 mp.
Okay, then.
Okay, then.
Okay, then.
The spiny frog is no longer blind.
The elephant is no longer blind.
You kill the elephant!
Training target 5.0 for Poison Magic reached!
Your Poison Magic skill increases to level 5!
The porcupine closely misses you. The elephant completely misses you. x2
The spiny frog stings you!
You die...
Your body crumbles into a pile of gold.

#...#r......##... .
#...........##..##.
#P...P##..###....#.
##...##..#####..#..
##.................
#..................
#..................
##.r...............
#@YY..............
##YFY...........#.#
#...Y...........###
##....##$.##....#
#.........#....##
#.........#....P#
#P...#..........##
##.........#.....#
#...#..^.......P#


You could see 5 elephants, a spiny frog and a porcupine.

Levels and vault maps discovered:
D:1:      kilobyte_arrival_exit_the_forest, layout_basic
D:2:      layout_loops_ring, zin_scriptorium, kennysheep_potato
D:3:      layout_loops_corners, hangedman_decor_peaks_small, hex_medium,
          uniq_sigmund, uniq_natasha, uniq_ijyb
D:4:      layout_basic, nicolae_dithmenos_through_a_glass_darkly, first_ration,
          cheibrodos_sewer_entry_sluice, okawaru_altar_gauntlet_db
D:5:      layout_rooms, overflow_temple_1_default,
          minmay_temple_entry_offerings, gammafunk_ghost_smash, uniq_grinder,
          uniq_edmund
D:6:      layout_loops_corners
D:7:      layout_cave_pods, serial_shops, shop
D:8:      layout_loops_corners, cheibriados_altar_1,
          fedhas_bush_and_centaur_altar, basic_altar, uniq_joseph, uniq_pikel
D:9:      layout_roguey, lemuel_crystal_altar, erik_lair_orcish_takeover,
          special_room [special_room_orc]
Temple:   eino_temple_scatter_basement
Lair:1:   layout_concentric_octagons, lemuel_fruit_fields
Lair:2:   wander_river, layout_regular_city, spider_nest_entry_funnel_web

Notes
Turn   | Place    | Note
-------+----------+-------------------------------------------
     0 | D:1      | lepoulpe303 the Spriggan Enchanter began the quest for the
                  | Orb.
     0 | D:1      | Reached XP level 1. HP: 9/9 MP: 5/5
    94 | D:1      | Identified a +0 club
    95 | D:1      | Identified a +0 dagger
   412 | D:1      | Identified a +0 short sword
   412 | D:1      | Identified an uncursed ring of fire
   439 | D:1      | Identified a ring of evasion (You found it on level 1 of
                  | the Dungeon)
   522 | D:1      | HP: 2/9 [kobold (3)]
   524 | D:1      | Reached XP level 2. HP: 4/13 MP: 6/6
   528 | D:1      | Learned a level 2 spell: Ensorcelled Hibernation
   700 | D:1      | Reached skill level 5 in Stealth
   730 | D:1      | HP: 3/13 [dart slug/slug dart (4)]
   985 | D:1      | Reached skill level 2 in Short Blades
  1028 | D:1      | Identified a +0 club
  1050 | D:1      | You fall into a shaft and drop 1 floor!
  1169 | D:1      | Identified a +0 club
  1408 | D:1      | Reached XP level 3. HP: 14/16 MP: 8/8
  1426 | D:1      | Learned a level 3 spell: Confuse
  2224 | D:2      | Identified a +0 dagger
  2225 | D:2      | Identified a +0 club
  2260 | D:2      | HP: 4/16 [goblin/+0 dagger (2)]
  2623 | D:2      | Identified a +0 club
  2636 | D:2      | Reached skill level 3 in Short Blades
  2636 | D:2      | Reached skill level 6 in Stealth
  2644 | D:2      | Identified 2 scrolls of enchant weapon
  2645 | D:2      | Identified 2 scrolls of remove curse
  2646 | D:2      | Identified a cursed +1 dagger (You found it on level 2 of
                  | the Dungeon)
  2810 | D:2      | Identified a +0 club
  2811 | D:2      | Identified a cursed +0 club
  2915 | D:2      | Reached XP level 4. HP: 14/21 MP: 9/9
  3237 | D:2      | Found a glowing silver altar of Zin.
  3445 | D:3      | Identified a +0 club
  3581 | D:3      | Noticed Natasha
  3678 | D:3      | Identified a +0 dagger
  3730 | D:3      | Identified a +0 club
  3787 | D:3      | HP: 5/21 [hobgoblin/+0 club (5)]
  4251 | D:3      | Identified a +0 club
  4325 | D:3      | Identified a +0 halberd
  4333 | D:3      | Identified a +0 whip
  4333 | D:3      | Identified a +0 spear
  4339 | D:3      | Identified a +0 club
  4524 | D:3      | Reached skill level 7 in Stealth
  4524 | D:3      | Reached XP level 5. HP: 20/24 MP: 10/10
  4720 | D:3      | Identified a +0 club
  4721 | D:3      | Identified a +0 club
  4721 | D:3      | Identified a +0 leather armour
  4721 | D:3      | Noticed Ijyb
  4761 | D:3      | Reached skill level 4 in Short Blades
  4829 | D:3      | Killed Ijyb
  4830 | D:3      | Identified 2 potions of flight
  4830 | D:3      | HP: 6/24 [poisoned by Ijyb (poison gas)]
  4831 | D:3      | Identified 2 potions of might
  4832 | D:3      | Identified a potion of magic
  4833 | D:3      | Identified a potion of curing
  5098 | D:3      | Learned a level 3 spell: Tukima's Dance
  5099 | D:3      | Identified a ring of flight (You found it on level 3 of the
                  | Dungeon)
  5164 | D:3      | Identified a +0 scythe
  5164 | D:3      | Identified a +0 robe
  5164 | D:3      | Noticed Sigmund
  5168 | D:3      | Killed Sigmund
  5168 | D:3      | Reached skill level 5 in Short Blades
  5168 | D:3      | Reached skill level 8 in Stealth
  5168 | D:3      | Reached XP level 6. HP: 28/28 MP: 11/11
  5177 | D:3      | Identified a +0 scale mail
  5419 | D:3      | Killed Natasha
  5593 | D:3      | Noticed Natasha
  5607 | D:3      | Killed Natasha
  5607 | D:3      | Reached skill level 3 in Spellcasting
  5607 | D:3      | Reached skill level 4 in Hexes
  5805 | D:3      | Identified a +0 rapier (You found it on level 3 of the
                  | Dungeon)
  5874 | D:4      | Found an iron altar of Okawaru.
  5987 | D:4      | Found a glowing drain.
  5998 | Sewer    | Entered a sewer
  6008 | Sewer    | Identified 8 scrolls of teleportation
  6015 | Sewer    | Identified 2 scrolls of identify
  6015 | Sewer    | Identified an amulet of reflection (You found it in a
                  | sewer)
  6056 | Sewer    | Identified a +0 dagger
  6089 | Sewer    | Identified a +0 whip
  6099 | Sewer    | Noticed Purgy
  6113 | Sewer    | Killed Purgy
  6113 | Sewer    | Identified a +0 troll leather armour {Purgy}
  6113 | Sewer    | Reached skill level 4 in Spellcasting
  6113 | Sewer    | Reached XP level 7. HP: 32/32 MP: 7/14
  6114 | Sewer    | Identified a +0 dagger
  6204 | D:4      | Got a scorched short sword
  6205 | D:4      | Identified the cursed +0 short sword of Warphoer {pierce,
                  | +Rage Str+9 Int-5} (You found it on level 4 of the Dungeon)
  6251 | D:4      | Found a shadowy altar of Dithmenos.
  6297 | D:4      | Reached skill level 5 in Hexes
  6727 | D:5      | Entered Level 5 of the Dungeon
  6727 | D:5      | Identified a cursed +0 dagger
  6727 | D:5      | Identified a +2 robe of magic resistance
  6727 | D:5      | Identified a +1 dagger of electrocution
  6727 | D:5      | Identified a +0 robe
  6727 | D:5      | Identified a +0 dagger
  6754 | D:4      | Reached skill level 6 in Hexes
  7365 | D:5      | Found a glowing golden altar of the Shining One.
  7379 | D:5      | Reached skill level 7 in Hexes
  7444 | D:5      | Learned a level 3 spell: Dazzling Spray
  7537 | D:5      | Found a transporter.
  7546 | D:5      | Found a transporter.
  7552 | D:5      | Noticed Esos's ghost (novice DgIE)
  7560 | D:5      | Identified a +2 dire flail
  7627 | D:5      | Noticed Grinder
  7636 | D:5      | Killed Grinder
  7636 | D:5      | Reached skill level 8 in Hexes
  7636 | D:5      | Reached XP level 8. HP: 36/36 MP: 11/15
  7651 | D:5      | Found a staircase to the Ecumenical Temple.
  7659 | D:5      | Learned a level 3 spell: Mephitic Cloud
  7661 | Temple   | Entered the Ecumenical Temple
  7670 | Temple   | Became a worshipper of Gozag Ym Sagoz the Greedy
  7691 | D:5      | Identified a +5 flail of protection
  7691 | D:5      | Identified a +0 ring mail
  7691 | D:5      | Noticed Edmund
  7741 | D:5      | Killed Edmund
  7756 | D:5      | Reached skill level 1 in Air Magic
  7756 | D:5      | Reached skill level 1 in Poison Magic
  8069 | D:5      | Identified a +0 shortbow
  8076 | D:5      | Reached skill level 1 in Fighting
  8127 | D:5      | Reached skill level 4 in Dodging
  8141 | D:5      | Killed Esos's ghost
  8141 | D:5      | Reached skill level 2 in Fighting
  8141 | D:5      | Reached skill level 5 in Dodging
  8141 | D:5      | Reached skill level 2 in Air Magic
  8141 | D:5      | Reached skill level 2 in Poison Magic
  8270 | D:6      | Identified a +0 shortbow
  8293 | D:6      | Identified a +0 dagger
  8293 | D:6      | Identified a +0 robe
  8298 | D:6      | Identified a +0 dagger
  8299 | D:6      | Identified a +0 leather armour
  8303 | D:6      | Identified a +0 dagger
  8303 | D:6      | Identified a +0 robe
  8346 | D:6      | Reached skill level 3 in Poison Magic
  8481 | D:6      | Identified a +2 dagger of venom
  8481 | D:6      | Identified a +0 robe
  8484 | D:6      | Identified a +0 flail
  8484 | D:6      | Identified a cursed +0 chain mail
  8488 | D:6      | Identified a +0 hand axe
  8494 | D:6      | HP: 3/39 [orc warrior/+0 flail (14)]
  8846 | D:6      | Reached XP level 9. HP: 40/43 MP: 14/16
  8980 | D:6      | Reached skill level 3 in Air Magic
  9008 | D:6      | Reached skill level 6 in Dodging
  9197 | D:6      | Identified a +2 shortbow of flaming
  9200 | D:6      | Identified a cursed +2 trident
  9200 | D:6      | Identified a +0 robe
  9201 | D:6      | Identified a +0 spear
  9201 | D:6      | Identified a +0 robe
  9202 | D:6      | Identified a +4 battleaxe
  9202 | D:6      | Identified a +0 robe
  9203 | D:6      | Identified a +0 scimitar
  9203 | D:6      | Identified a +0 robe
  9317 | D:6      | Reached skill level 3 in Fighting
  9423 | D:6      | Reached skill level 7 in Dodging
  9765 | D:6      | Reached skill level 8 in Dodging
 10001 | D:6      | HP: 2/44 [wight/+4 battleaxe (15)]
 10429 | D:7      | Identified a +1 antimagic war axe
 10437 | D:7      | Identified a +0 dagger
 10437 | D:7      | Identified a +0 robe
 10444 | D:7      | Identified a +0 club
 10446 | D:7      | Identified a +0 morningstar
 10466 | D:6      | HP: 8/44 [orc/+0 morningstar (15)]
 10471 | D:6      | HP: 3/44 [orc wizard/magic dart (5)]
 10801 | D:6      | Reached skill level 9 in Stealth
 11548 | D:7      | Found Wadear's Weapon Shoppe.
 11879 | D:7      | Identified a cursed +0 hand axe
 11930 | D:7      | Reached skill level 4 in Air Magic
 11930 | D:7      | Reached skill level 4 in Poison Magic
 12166 | D:8      | Reached skill level 6 in Short Blades
 12196 | D:8      | Identified a +0 shortbow
 12308 | D:8      | Identified a +0 dagger
 12308 | D:8      | Identified a +0 robe
 12343 | D:8      | Identified a +0 flail
 12364 | D:8      | Identified a +0 trident
 12364 | D:8      | Identified a +0 plate armour
 12383 | D:8      | Identified a +0 flail
 12398 | D:8      | Reached skill level 10 in Stealth
 12678 | D:8      | Found a burning altar of Makhleb.
 12696 | D:8      | Identified 3 potions of brilliance
 12697 | D:8      | Identified 3 potions of degeneration
 12699 | D:8      | Identified 2 potions of invisibility
 12700 | D:8      | Identified a potion of berserk rage
 12701 | D:8      | Identified a potion of ambrosia
 12765 | D:8      | Identified an amulet of guardian spirit (You found it on
                  | level 8 of the Dungeon)
 13059 | D:8      | Identified a +1 whip of freezing
 13059 | D:8      | Identified a +0 robe
 13059 | D:8      | Noticed Pikel
 13202 | D:8      | Found a snail-covered altar of Cheibriados.
 13218 | D:8      | Identified a +0 quarterstaff
 13218 | D:8      | Identified a +0 hunting sling
 13218 | D:8      | Identified a +0 ring mail
 13218 | D:8      | Noticed Joseph
 13340 | D:8      | Identified a +0 dagger
 13340 | D:8      | Identified a +0 robe
 13341 | D:8      | Identified a +0 club
 13341 | D:8      | Identified a +0 chain mail
 13343 | D:8      | Identified a +0 trident
 13345 | D:8      | Identified a +0 dagger
 13345 | D:8      | Identified a +0 robe
 13570 | D:8      | Reached XP level 10. HP: 49/49 MP: 17/17
 13574 | D:8      | Identified a +0 dagger
 13574 | D:8      | Identified a +0 robe
 13574 | D:8      | Identified a +0 falchion
 13574 | D:8      | Identified a +0 chain mail
 13574 | D:8      | Identified a +0 hand axe
 13575 | D:8      | Identified a +0 dire flail
 13575 | D:8      | Identified a +0 chain mail
 13575 | D:8      | Identified a +0 falchion
 13645 | D:8      | Reached skill level 7 in Short Blades
 13779 | D:8      | Identified a +0 shortbow
 13780 | D:8      | Found a blossoming altar of Fedhas.
 14028 | D:8      | Reached skill level 11 in Stealth
 14172 | D:8      | Killed Pikel
 14258 | D:8      | Killed Joseph
 14310 | D:9      | Reached skill level 8 in Short Blades
 14358 | D:9      | Reached skill level 12 in Stealth
 14527 | D:9      | Identified a +0 shortbow
 14546 | D:9      | Found a staircase to the Lair.
 14546 | D:9      | Identified a +1 flail of pain
 14546 | D:9      | Identified a +0 war axe
 14546 | D:9      | Identified a +0 chain mail
 14546 | D:9      | Identified a +0 ring mail
 14547 | D:9      | Identified a +0 dagger
 14547 | D:9      | Identified a +0 robe
 14547 | D:9      | Identified a +0 dagger
 14547 | D:9      | Identified a +0 robe
 14547 | D:9      | Identified a +0 dagger
 14547 | D:9      | Identified a +0 robe
 14830 | D:9      | Identified a +0 short sword
 14830 | D:9      | Identified a +0 chain mail
 14837 | D:9      | Identified a +0 dagger
 14837 | D:9      | Identified a +0 leather armour
 14865 | D:9      | HP: 11/49 [orc priest/divine providence (11)]
 15179 | D:9      | Found a shattered altar of Ashenzari.
 15244 | D:9      | Identified a +0 dagger
 15268 | D:9      | Identified a +0 shortbow
 15268 | D:9      | Identified a +0 robe
 15277 | Lair:1   | Entered Level 1 of the Lair of Beasts
 15557 | D:9      | Identified a +0 mace
 15557 | D:9      | Identified a +0 chain mail
 15557 | D:9      | Identified a +0 club
 15557 | D:9      | Identified a +0 falchion
 15557 | D:9      | Identified a +0 club
 15557 | D:9      | Identified a +0 ring mail
 15557 | D:9      | Identified a +0 dagger
 15557 | D:9      | Identified a +0 robe
 15965 | D:9      | Identified a +0 flail
 15965 | D:9      | Identified a +2 mace of draining
 15965 | D:9      | Identified a +0 leather armour
 15965 | D:9      | Identified a +0 trident
 15965 | D:9      | Identified a +0 flail
 15965 | D:9      | Identified a +0 ring mail
 15965 | D:9      | Identified a +0 mace
 15965 | D:9      | Identified a +0 chain mail
 15965 | D:9      | Identified a +0 mace
 15965 | D:9      | Identified a +0 chain mail
 15965 | D:9      | Identified a +0 dagger
 15965 | D:9      | Identified a +0 whip
 15966 | D:9      | Identified a +0 whip
 15984 | D:9      | Identified a cursed +0 flail
 15984 | D:9      | Identified a +0 glaive
 15984 | D:9      | Identified a +0 chain mail
 15984 | D:9      | Identified a +0 dagger
 15984 | D:9      | Identified a +0 leather armour
 16001 | D:9      | Identified a +0 dire flail
 16001 | D:9      | Identified a +0 plate armour
 16015 | D:9      | Identified a +0 hand axe
 16015 | D:9      | Identified a +0 scale mail
 16178 | D:9      | Identified a +0 short sword
 16223 | D:9      | Identified a +0 club
 16223 | D:9      | Identified a +0 chain mail
 16245 | D:9      | Reached skill level 5 in Spellcasting
 16280 | D:9      | Identified a +0 hand axe
 16280 | D:9      | Identified a +0 leather armour
 16282 | D:9      | Identified a +0 hand axe
 16282 | D:9      | Identified a +0 chain mail
 16302 | D:9      | Identified a +0 morningstar of protection
 16302 | D:9      | Identified a +0 leather armour
 16302 | D:9      | Identified a +0 flail
 16302 | D:9      | Identified a +1 hand axe of chopping
 16302 | D:9      | Identified a +0 ring mail
 16649 | Lair:1   | Noticed a spiny frog
 16656 | Lair:1   | Killed a spiny frog
 16752 | Lair:1   | Got a slimy short sword
 16753 | Lair:1   | Identified the +2 short sword "Lipopen" {vamp, SInv} (You
                  | found it on level 1 of the Lair of Beasts)
 16790 | D:9      | Reached skill level 9 in Dodging
 16836 | D:9      | Reached XP level 11. HP: 30/52 MP: 19/19
 16849 | D:9      | Reached skill level 9 in Hexes
 17772 | Lair:1   | Got a pitted rapier
 17773 | Lair:1   | Identified the +8 rapier "Uheza" {freeze, Int+3} (You found
                  | it on level 1 of the Lair of Beasts)
 18159 | Lair:2   | Identified a ring of ice (You found it on level 2 of the
                  | Lair of Beasts)
 18365 | Lair:2   | HP: 13/53 [elephant (14)]
 18366 | Lair:2   | HP: 1/53 [elephant (6)]
 18367 | Lair:2   | Reached skill level 5 in Poison Magic
 18367 | Lair:2   | Mangled by a spiny frog

Table legend:
 A = Turns spent in this place as a percentage of turns spent in the entire game.
 B = Non-inter-level travel turns spent in this place as a percentage of non-inter-level travel turns spent in the entire game.
 C = Inter-level travel turns spent in this place as a percentage of turns spent in this place.
 D = Turns resting spent in this place as a percentage of non-inter-level travel turns spent in this place.
 E = Turns spent auto-exploring this place as a percentage of non-inter-level travel turns spent in this place.
 F = Non-inter-level travel turns spent in this place divided by the number of levels of this place that you've seen.
                   A       B       C       D       E      F
               +-------+-------+-------+-------+-------+----------------------
         Total | 100.0 | 100.0 |   3.6 |  35.0 |  38.2 | 1361.5
       Dungeon |  90.6 |  90.7 |   3.6 |  36.7 |  36.6 | 1782.9
        Temple |   0.1 |   0.1 |  42.1 |   0.0 |  27.3 |  11.0
          Lair |   8.3 |   8.3 |   3.7 |  20.2 |  61.1 | 736.5
         Sewer |   0.9 |   1.0 |   0.0 |   0.0 |   0.0 | 170.0
               +-------+-------+-------+-------+-------+----------------------

Table legend:
 A = Kills in this place as a percentage of kills in entire the game.
 B = Kills by you in this place as a percentage of kills by you in the entire game.
 C = Kills by friends in this place as a percentage of kills by friends in the entire game.
 D = Other kills in this place as a percentage of other kills in the entire game.
 E = Experience gained in this place as a percentage of experience gained in the entire game.
 F = Experience gained in this place divided by the number of levels of this place that you have seen.
                   A       B       C       D       E      F
               +-------+-------+-------+-------+-------+----------------------
         Total | 100.0 | 100.0 |   N/A | 100.0 | 100.0 | 1011.5
       Dungeon |  94.4 |  94.7 |   N/A |  66.7 |  83.5 | 1219.7
          Lair |   3.5 |   3.5 |   N/A |   0.0 |  15.3 | 1008.5
         Sewer |   2.1 |   1.8 |   N/A |  33.3 |   1.2 | 155.0
               +-------+-------+-------+-------+-------+----------------------

Skill      XL: |  1  2  3  4  5  6  7  8  9 10 11 |
---------------+----------------------------------+-----
Stealth        | 5 6 7 8 10 12 | 12.8
Short Blades   | 2 3 5 6 8 |  8.7
Spellcasting   | 4 5 |  5.4
Hexes          | 4 8 9 |  9.1
Air Magic      | 2 4 |  4.8
Poison Magic   | 3 4 5 |  5.0
Fighting       | 2 3 |  3.8
Dodging        | 5 8 9 |  9.2

Action                   |  1- 3 |  4- 6 |  7- 9 | 10-12 || total
-------------------------+-------+-------+-------+-------++-------
Melee: Dagger            |    42 |    99 |    23 |   262 ||   426
       Short sword       |   150 |       |   420 |   132 ||   702
       Rapier            |       |    11 |   127 |     7 ||   145
Throw: Dart              |       |    69 |    60 |       ||   129
 Cast: Corona            |     2 |       |       |       ||     2
       Ensorcelled Hiber |     3 |     3 |    25 |     6 ||    37
       Confuse           |     4 |     8 |    49 |    17 ||    78
       Tukima's Dance    |       |       |     3 |     1 ||     4
       Dazzling Spray    |       |       |    12 |     9 ||    21
       Mephitic Cloud    |       |       |       |     1 ||     1
Evoke: Wand              |       |       |     4 |       ||     4
  Use: Scroll            |     2 |     3 |     9 |       ||    14
       Potion            |       |     4 |       |       ||     4
 Stab: Sleeping          |     8 |    21 |    38 |    15 ||    82
       Confused          |     4 |     6 |    22 |     7 ||    39
       Distracted        |       |       |     2 |     3 ||     5
       Invisible         |       |       |     5 |     7 ||    12
  Eat: Ration            |       |     2 |     8 |     4 ||    14
Armor: Robe              |     7 |     5 |    12 |    10 ||    34
Dodge: Dodged            |   130 |    95 |   388 |   334 ||   947
Block: Other             |       |     4 |    69 |    39 ||   112
       Reflection        |       |       |     2 |     1 ||     3

Vanquished Creatures
  Pikel (D:8)
  An elephant (Lair:2)
  Joseph (D:8)
  A spiny frog (Lair:1)
  The ghost of Esos the Cudgeler, a novice DgIE (D:5)
  Grinder (D:5)
  2 hippogriffs
  Sigmund (D:3)
  3 yaks (D:9)
  Edmund (D:5)
  2 wargs (D:9)
  3 porcupines
  2 water moccasins
  Purgy (Sewer)
  A slave (D:8)
  9 orc warriors
  4 phantoms
  A black bear (D:6)
  An eye of draining (D:9)
  An ogre (D:5)
  6 wolves (D:9)
  7 centaurs
  A crocodile (Lair:1)
  A wyvern zombie (D:9)
  5 bullfrogs
  2 scorpions
  A wyvern skeleton (D:7)
  A water moccasin skeleton (D:7)
  3 killer bees (D:8)
  4 wights (D:6)
  3 howler monkeys
  2 bullfrog zombies
  5 crimson imps
  2 quasits
  2 hounds (D:7)
  2 jellies (D:6)
  14 orc wizards
  6 orc priests
  2 bullfrog skeletons (D:6)
  A centaur skeleton (D:6)
  Natasha (twice) (D:3)
  3 iguanas
  11 worker ants
  A killer bee zombie (D:9)
  A hound skeleton (D:7)
  3 hound zombies
  A worker ant zombie (D:8)
  14 adders
  3 gnolls (D:3)
  3 shadow imps
  2 oozes
  An adder skeleton (D:5)
  An adder zombie (D:6)
  10 worms
  2 dart slugs (D:1)
  5 leopard geckos
  40 orcs
  9 bats
  7 giant cockroaches
  8 goblins
  14 hobgoblins
  10 jackals
  12 kobolds
  3 quokkas
  4 ball pythons
  3 frilled lizards
  A giant cockroach zombie (D:6)
  A leopard gecko zombie (D:9)
  5 rats
  A butterfly (Lair:1)
289 creatures vanquished.

Vanquished Creatures (others)
  2 dancing weapons
  A sky beast (D:8)
  Ijyb (D:3)
  An orc (D:6)
5 creatures vanquished.

Grand Total: 294 creatures vanquished
